[Event "*** Titled Tuesday Blitz"]
[Site "Chess.com"]
[Date "2021.03.30"]
[Round "3"]
[White "Vusatiuk_Vladimir"]
[Black "Maddie"]
[Result "1-0"]
[WhiteElo "2316"]
[BlackElo "2056"]
[TimeControl "180+1"]
[EndTime "10:28:00 PDT"]
[Termination "Vusatiuk_Vladimir won by checkmate"]

1. d4 d5 2. c4 c6 3. Nf3 Nf6 4. e3 Bg4 5. Nc3 e6 6. h3 Bh5 7.
g4 Bg6 8. Ne5 Bb4 9. Bg2 Ne4 10.
Bd2 Qa5 11. Nxe4 Bxe4 12. Bxe4 dxe4 13. Bxb4 Qxb4+ 14. Qd2 Qb6 15. c5 Qc7 16. Nc4 O-O 17. Nd6 Nd7 18. Nxe4 Nf6 19. Nxf6+ gxf6 20. O-O-O b6 21.
Kb1 Rfd8 22. Qc3 b5 23. f4 a5 24. g5 f5 25. h4 b4 26. Qc4 a4 27. Qxb4 Rdb8 28. Qc3 Rb7 29. h5 Rab8 30. Rd2 Qd7 31. g6 fxg6 32. hxg6 hxg6 33. d5 Qg7 34. Qxg7+ Kxg7 35.
dxc6 Rc7 36. Rd7+ Rxd7 37. cxd7 Kf6 38. c6 Ke7 39. c7 Rxb2+ 40. Kxb2 Kxd7 41. Rh7+ Kd6 42. c8=Q Kd5 43. Rd7+ Ke4 44. Qc6+ Kxe3 45. Kc3 Kxf4 46.
Kd3 e5 47. Qxg6 e4+ 48. Kd4 Kf3 49. Qxf5+ Ke2 50. Qxe4+ Kf1 51. Rh7 Kg1 52. Qf3 a3 53.
Rh1# 1-0

[Event "*** Titled Tuesday Blitz"]
[Site "Chess.com"]
[Date "2021.03.30"]
[Round "3"]
[White "Vincent_Vega95"]
[Black "guillembaches"]
[Result "0-1"]
[WhiteElo "2722"]
[BlackElo "2475"]
[TimeControl "180+1"]
[EndTime "10:28:02 PDT"]
[Termination "guillembaches won by resignation"]

1. d4 Nf6 2. c4 e6 3. Nc3 Bb4 4. e3 O-O 5. Ne2 c6 6. a3 Ba5 7. b4 Bc7 8. e4 d5 9. e5 Nfd7 10.
Nf4 a5 11. Rb1 axb4 12. axb4 b6 13. cxd5 cxd5 14. Bd3 Ba6 15. b5 Bb7 16. O-O Re8 17. Re1 Nf8 18. Qg4 Nbd7 19. Nh5 Ng6 20. Bg5 Qb8 21.
h4 Ra3 22. Rbc1 Ndxe5 23. dxe5 Bxe5 24. Bd2 d4 25. Bxg6 hxg6 26. Ne4 gxh5 27. Qxh5 Bxe4 28. Rxe4 Bf6 29. Rg4 Qe5 30. Bg5 Rea8 31. g3 Ra1 32. Rxa1 Rxa1+ 33. Kg2 Qd5+ 34. f3 Qa2+ 0-1

[Event "*** Titled Tuesday Blitz"]
[Site "Chess.com"]
[Date "2021.03.30"]
[Round "3"]
[White "xberli"]
[Black "LEGENYA1998"]
[Result "1-0"]
[WhiteElo "2515"]
[BlackElo "2254"]
[TimeControl "180+1"]
[EndTime "10:28:02 PDT"]
[Termination "xberli won on time"]

1. d4 Nf6 2. Nc3 e6 3. Bf4 Bb4 4. a3 Bxc3+ 5. bxc3 b6 6. f3 Bb7 7. e4 d6 8. Bd3 O-O 9. Ne2 Nbd7 10.
Qd2 e5 11. Bg5 d5 12. exd5 Bxd5 13. O-O Re8 14. Ng3 Qc8 15. Rae1 exd4 16. cxd4 c5 17.
c4 Bb7 18. d5 Qc7 19. f4 h6 20.
Bh4 b5 21. cxb5 c4 22. Bc2 Nxd5 23. Ne4 Qb6+ 24. Bf2 Qxb5 25. f5 Qc6 26. Bd4 N7f6 27. Qf2 Nxe4 28. Bxe4 Rad8 29. f6 Qd7 30. fxg7 1-0

[Event "*** Titled Tuesday Blitz"]
[Site "Chess.com"]
[Date "2021.03.30"]
[Round "3"]
[White "bolence16"]
[Black "enriquetejedor"]
[Result "0-1"]
[WhiteElo "2418"]
[BlackElo "2612"]
[TimeControl "180+1"]
[EndTime "10:28:03 PDT"]
[Termination "enriquetejedor won by resignation"]

1. e4 Nc6 2. Nf3 d6 3. d4 Nf6 4. Nc3 g6 5. Bb5 a6 6. Bxc6+ bxc6 7. h3 Bg7 8. O-O O-O 9. Bf4 Rb8 10. Rb1 Nd7 11. Qd2 c5 12. Bh6 cxd4 13. Bxg7 Kxg7 14. Nxd4 Bb7 15. f4 e5 16. Nf3 f6 17. f5 Nc5 18.
fxg6 hxg6 19. Qe3 Ne6 20. Ne2 Qe7 21. Rbd1 Rh8 22. b3 Qd7 23. c4 c5 24. Nh2 Nd4 25. Ng4 Rbf8 26. Nxd4 cxd4 27. Qd3 f5 28. Nf2 Rh4 29.
Rde1 fxe4 30. Nxe4 Rxf1+ 31. Kxf1 Bxe4 32. Qg3 Rf4+ 33. Kg1 d3 34. h4 d2 35. Rd1 Rg4 36.
Qe3 Rxg2+ 37. Kf1 Qf5+ 0-1

[Event "*** Titled Tuesday Blitz"]
[Site "Chess.com"]
[Date "2021.03.30"]
[Round "3"]
[White "IsaacWiebe"]
[Black "Khnykin_Nikolay"]
[Result "1-0"]
[WhiteElo "2305"]
[BlackElo "2037"]
[TimeControl "180+1"]
[EndTime "10:28:03 PDT"]
[Termination "IsaacWiebe won on time"]

1. Nf3 c5 2. e3 e6 3. d4 cxd4 4. exd4 Nf6 5. Bd3 Be7 6. O-O O-O 7. Re1 Nc6 8. c3 d5 9. h3 a6 10. Bf4 b5 11. Nbd2 Bb7 12. Ne5 Bd6 13. Ndf3 Ne4 14.
Bc2 f6 15. Nxc6 Bxc6 16. Bxd6 Qxd6 17. Qd3 f5 18. Ne5 Rf6 19. f3 Ng5 20. Qe3 Nf7 21. Re2 Re8 22. Rae1 Nd8 23. g4 fxg4 24. hxg4 Ref8 25. Kg2 Bb7 26. Rh1 g6 27. Kg1 Nc6 28. Reh2 Qc7 29. Rxh7 Qxh7 30. Rxh7 Kxh7 31. Nd7 Rxf3 32.
Nxf8+ Rxf8 33. Qxe6 1-0

[Event "*** Titled Tuesday Blitz"]
[Site "Chess.com"]
[Date "2021.03.30"]
[Round "3"]
[White "katchesskat"]
[Black "RzayevB"]
[Result "0-1"]
[WhiteElo "2311"]
[BlackElo "2536"]
[TimeControl "180+1"]
[EndTime "10:28:06 PDT"]
[Termination "RzayevB won by resignation"]

1. c4 e5 2. e3 Nf6 3. a3 d5 4. cxd5 Nxd5 5. Qc2 Be7 6. Nf3 f6 7. Bc4 Be6 8. Nc3 c6 9. b4 Nxb4 10. axb4 Bxc4 11. d4 exd4 12. Nxd4 O-O 13. Na2 Qd5 14. Bd2 b5 15. f3 Kh8 16. Kf2 Nd7 17. h4 Ne5 18.
Nc1 c5 19. Nf5 Bd8 20. e4 Qc6 21. bxc5 Qxc5+ 22. Be3 Qc6 23. h5 Bb6 24. Nd4 Qd7 25. Rd1 Rfd8 26. Ncb3 Rac8 27. Qb2 Nd3+ 28. Rxd3 Bxd3 29.
h6 gxh6 30. Rd1 Bc2 31. Nxc2 Rxc2+ 32. Qxc2 Qxd1 33. Qxd1 Rxd1 34. Bxb6 axb6 35. Nd4 Rxd4 0-1

[Event "*** Titled Tuesday Blitz"]
[Site "Chess.com"]
[Date "2021.03.30"]
[Round "3"]
[White "Rital44"]
[Black "As0nchess"]
[Result "0-1"]
[WhiteElo "2428"]
[BlackElo "2626"]
[TimeControl "180+1"]
[EndTime "10:28:07 PDT"]
[Termination "As0nchess won by resignation"]

1. e4 c5 2. Nf3 d6 3. d4 cxd4 4. Nxd4 Nf6 5. Nc3 Nc6 6. Bg5 e6 7. Qd2 a6 8. O-O-O h6 9. Nxc6 bxc6 10. Bh4 Bb7 11. f4 Qc7 12. Bc4 d5 13. Bb3 Bb4 14.
Bxf6 gxf6 15. g3 O-O-O 16. Qd4 Be7 17. exd5 cxd5 18. Rhe1 f5 19. Bxd5 exd5 20. Na4 Kb8 21. Re3 Bd6 22. Rc3 Qa5 23. Rb3 Rhe8 24. c3 Re4 25. Qb6 Qxb6 26. Nxb6 Kc7 27. a4 Bc5 28. a5 Re2 29. Na4 Be3+ 30. Kb1 Rxh2 31. c4 d4 32. Nc5 Be4+ 33. Ka2 Bc2 34. Nxa6+ Kd7 35. Rxe3 Bxd1 36. Rd3 Be2 0-1

[Event "*** Titled Tuesday Blitz"]
[Site "Chess.com"]
[Date "2021.03.30"]
[Round "3"]
[White "Piotrek1979"]
[Black "Harry_Rakkel"]
[Result "0-1"]
[WhiteElo "2325"]
[BlackElo "2606"]
[TimeControl "180+1"]
[EndTime "10:28:07 PDT"]
[Termination "Harry_Rakkel won by resignation"]

1. Nf3 Nf6 2. g3 d5 3. b3 Bf5 4. Bb2 e6 5. Bg2 h6 6. O-O Be7 7. d3 O-O 8. Nbd2 Bh7 9. Ne5 a5 10. a3 c5 11. c4 Nc6 12. Nxc6 bxc6 13. Rb1 Qb6 14. Nf3 d4 15. Bc1 Nd7 16. Bd2 e5 17.
e4 Rfb8 18. Nh4 Rb7 19. Nf5 Bf8 20. f4 Kh8 21. Bh3 Qd8 22. Qc2 g6 23. Nh4 Bg7 24. Nf3 exf4 25. Bxf4 g5 26. Bd6 Nf6 27. Bxc5 g4 28.
Ne5 gxh3 29. Rf2 Qe8 30. Bd6 Rd8 31. c5 Rxd6 32. cxd6 Qxe5 33. Rbf1 Bg6 34. d7 Rxd7 35. Qxc6 Rc7 36. Qa8+ Kh7 37. Rf5 Bxf5 38. Rxf5 Qe7 0-1

[Event "*** Titled Tuesday Blitz"]
[Site "Chess.com"]
[Date "2021.03.30"]
[Round "3"]
[White "tsaruk_maks"]
[Black "exoticprincess"]
[Result "0-1"]
[WhiteElo "2614"]
[BlackElo "2857"]
[TimeControl "180+1"]
[EndTime "10:28:09 PDT"]
[Termination "exoticprincess won by resignation"]

1. e4 c6 2. d4 d5 3. Nd2 dxe4 4. Nxe4 Bf5 5. Ng3 Bg6 6. Nf3 Nd7 7. h4 h6 8. h5 Bh7 9. Bd3 Bxd3 10. Qxd3 e6 11. Bd2 Ngf6 12. O-O-O Qb6 13. Kb1 Rd8 14. Ne4 Nxe4 15.
Qxe4 Qb5 16. Ne5 Nf6 17. Qe3 Qb6 18. Bc1 Be7 19. Rhe1 Qc7 20. Qf3 c5 21. Be3 O-O 22.
g4 cxd4 23. Bxd4 Bc5 24. Bxc5 Qxc5 25. Nd3 Qb5 26. Re5 Rxd3 27. cxd3 Qxe5 28. Qxb7 Rb8 29. d4 Rxb7 30. dxe5 Nxg4 31. f4 Ne3 32. Rd8+ Kh7 33. b3 g6 34. hxg6+ Kxg6 35. Kb2 Kf5 0-1

[Event "*** Titled Tuesday Blitz"]
[Site "Chess.com"]
[Date "2021.03.30"]
[Round "3"]
[White "VD_coach"]
[Black "ShimanovAlex"]
[Result "1-0"]
[WhiteElo "2486"]
[BlackElo "2771"]
[TimeControl "180+1"]
[EndTime "10:28:09 PDT"]
[Termination "VD_coach won by resignation"]

1. Nf3 b5 2. e4 a6 3. d4 Bb7 4. d5 e6 5. c4 bxc4 6. Bxc4 Nf6 7. Nc3 Bc5 8. O-O O-O 9. Bg5 h6 10. Bh4 Be7 11. Qb3 Qc8 12. Rac1 a5 13. Rfd1 Na6 14. e5 Nxd5 15. Bxd5 Bxd5 16. Nxd5 Bxh4 17. Nb6 Qd8 18. Nxa8 Be7 19. Qb7 Qxa8 20. Qxa8 Rxa8 21. Rxd7 Bc5 22.
Rcd1 Ra7 23. g4 g5 24. h4 gxh4 25. g5 Rb7 26. g6 Rxb2 27. gxf7+ Kg7 28. R1d2 Rb4 29.
f8=Q+ Kxf8 30. Rh7 Kg8 31. Rxh6 Rf4 32. Nxh4 Bf8 33.
Rd8 Kg7 34. Rg6+ Kh7 35. Rf6 Be7 36. Rxf4 Bxd8 37. Nf3 Nb4 38. Rf7+ Kg6 39. Rd7 Nc6 40. Nd4 Nxd4 41. Rxd4 Bg5 42. f4 Bh4 43. Kg2 Be7 44.
Kf3 Bc5 45. Rd7 Bb6 46. Re7 Kf5 47. Rf7+ Kg6 48. Rf6+ Kh5 49. Rxe6 Bc5 50. Rc6 Bb4 51. e6 1-0

[Event "*** Titled Tuesday Blitz"]
[Site "Chess.com"]
[Date "2021.03.30"]
[Round "3"]
[White "karwowskikacper"]
[Black "kflorian98"]
[Result "0-1"]
[WhiteElo "2444"]
[BlackElo "2691"]
[TimeControl "180+1"]
[EndTime "10:28:10 PDT"]
[Termination "kflorian98 won on time"]

1. e4 d5 2. exd5 Qxd5 3. Nc3 Qe5+ 4. Be2 c6 5. Nf3 Qc7 6. d4 Nf6 7. O-O Bg4 8. h3 Bh5 9. Ne5 Bxe2 10. Qxe2 e6 11.
Bf4 Qc8 12. Nc4 Qd8 13. Bxb8 Rxb8 14. Rad1 Be7 15. Ne4 Nxe4 16. Qxe4 O-O 17. c3 Qd5 18. Qd3 Rfd8 19. b3 g6 20. Ne3 Qa5 21. Qc2 Rbc8 22. Rfe1 Bf8 23. Nc4 Qc7 24. Re3 Bg7 25. Qe2 c5 26.
dxc5 Qxc5 27. Rxd8+ Rxd8 28. Nd2 Qa5 29. Ne4 Qd5 30. c4 Qd4 31. g3 h6 32. Nc3 a6 33. Kg2 Qd7 34. Ne4 Qc6 35. f3 Qd7 36. Nf2 Bd4 37. Rd3 e5 38. Ne4 Kg7 39. Nc3 Qc6 40.
Nd5 b5 41. Ne3 Rc8 42. cxb5 axb5 43. Rd2 Qc1 44. Nc2 Bc3 45. Ne1 Qxd2 0-1

[Event "*** Titled Tuesday Blitz"]
[Site "Chess.com"]
[Date "2021.03.30"]
[Round "3"]
[White "niki_2003"]
[Black "Godzillator"]
[Result "0-1"]
[WhiteElo "2043"]
[BlackElo "2307"]
[TimeControl "180+1"]
[EndTime "10:28:10 PDT"]
[Termination "Godzillator won by checkmate"]

1. e4 c6 2. d4 d5 3. exd5 cxd5 4. Nf3 Nc6 5. c4 Nf6 6. Nc3 e6 7. Bg5 Bb4 8. a3 Bxc3+ 9. bxc3 Qa5 10. Qc2 Ne4 11.
Bd2 Nxd2 12. Nxd2 O-O 13. Bd3 h6 14. O-O dxc4 15. Nxc4 Qc7 16. Rfe1 b6 17. Ne5 Bb7 18. Re3 Nxe5 19. Rxe5 Rac8 20. c4 Rfd8 21. Rd1 Ba6 22. c5 Bxd3 23. Rxd3 bxc5 24. Rxc5 Qd7 25. Rxc8 Rxc8 26.
Qd2 Qd5 27. Rc3 Rd8 28. Rd3 e5 29. Qb4 Qe4 30. Re3 Qxd4 31. Qxd4 Rxd4 32. g3 f6 33. Kg2 Kf7 34. Kf3 Ra4 35. h4 h5 36. Rb3 Ke6 37.
Rc3 Kf5 38. Ke3 g5 39. hxg5 fxg5 40. Kd2 h4 41. Kc2 h3 42. Kb3 Ra6 43. a4 h2 44.
Rc1 Rh6 45. Rh1 Kg4 46. Kc3 Kf3 47. Kd2 Kg2 48. Re1 h1=Q 49. Rxh1 Rxh1 50. Ke3 Ra1 51.
Ke4 Rxa4+ 52. Kxe5 Kxf2 53. Kf5 Kxg3 54. Kxg5 Re4 55.
Kf6 a5 56. Kf7 a4 57. Kf8 a3 58. Kf7 a2 59. Kf6 a1=Q+ 60. Kf7 Qf1+ 61. Kg8 Rg4+ 62.
Kh7 Qh3# 0-1

[Event "*** Titled Tuesday Blitz"]
[Site "Chess.com"]
[Date "2021.03.30"]
[Round "3"]
[White "Deepweb2020"]
[Black "andy_rekt"]
[Result "1-0"]
[WhiteElo "2523"]
[BlackElo "2304"]
[TimeControl "180+1"]
[EndTime "10:28:11 PDT"]
[Termination "Deepweb2020 won on time"]

1. d4 f5 2. Bg5 g6 3. e3 Bg7 4. h4 h6 5. Bf4 Nf6 6. Nf3 d6 7. c3 Nc6 8. Bb5 Nh5 9. Bh2 Bd7 10. Bc4 e6 11. Nbd2 O-O 12. Qb3 Na5 13.
Bxe6+ Kh8 14. Qa3 Bxe6 15. Qxa5 b6 16. Qa3 c5 17. O-O-O f4 18. Nb3 fxe3 19. fxe3 c4 20. d5 Bg4 21. Nbd2 b5 22. Qxd6 Qxd6 23. Bxd6 Rfe8 24. e4 Rad8 25. Bc5 Nf4 26. Kb1 Nd3 27. Be3 Rf8 28. Rhf1 Rde8 29. Kc2 Ne5 30. b3 cxb3+ 31. axb3 Nxf3 32. gxf3 Bh3 33. Rg1 Rc8 34. Nb1 b4 35.
Rg3 1-0

[Event "*** Titled Tuesday Blitz"]
[Site "Chess.com"]
[Date "2021.03.30"]
[Round "3"]
[White "QuintilianoR"]
[Black "BigAl"]
[Result "1/2-1/2"]
[WhiteElo "2738"]
[BlackElo "2501"]
[TimeControl "180+1"]
[EndTime "10:28:13 PDT"]
[Termination "Game drawn by repetition"]

1. Nf3 Nf6 2. c4 g6 3. Nc3 Bg7 4. d4 O-O 5. e4 d6 6. Be2 Bg4 7. Be3 Nbd7 8. Ng1 e5 9. d5 Bxe2 10. Qxe2 Nc5 11. f3 Nh5 12. Nh3 a5 13. O-O b6 14.
Rab1 h6 15. b3 Nf4 16. Nxf4 exf4 17. Bxc5 bxc5 18. Nb5 Re8 19. Qd2 Be5 20. Rfd1 Kh7 21. a3 g5 22. Qe2 Rg8 23. Rd3 Qd7 24. h3 h5 25. a4 Rg6 26. Kf2 Rag8 27. Rh1 Rh6 28. Ke1 Rgg6 29. Kd1 g4 30. hxg4 hxg4 31. Rxh6+ Kxh6 32. Kc2 Kg7 33. fxg4 Rxg4 34. Nxc7 Rh4 35.
Nb5 Rh2 36. Qf3 Rh1 37. Rd2 Ra1 38. Nc3 Qe7 39. Qg4+ Kf8 40. Qc8+ Kg7 41. Qg4+ Kf8 42. Qc8+ Kg7 43. Qg4+ 1/2-1/2

[Event "*** Titled Tuesday Blitz"]
[Site "Chess.com"]
[Date "2021.03.30"]
[Round "3"]
[White "Brave_spirit12"]
[Black "BvsN"]
[Result "1-0"]
[WhiteElo "2572"]
[BlackElo "2388"]
[TimeControl "180+1"]
[EndTime "10:28:13 PDT"]
[Termination "Brave_spirit12 won by checkmate"]

1. e4 c5 2. c3 Nf6 3. e5 Nd5 4.
d4 cxd4 5. Nf3 e6 6. cxd4 d6 7.
Nc3 Nxc3 8. bxc3 Qc7 9. Bd2 Nd7 10. Bb5 a6 11. Ba4 b5 12. Bc2 dxe5 13. dxe5 Nxe5 14. O-O Nxf3+ 15. Qxf3 Bb7 16. Be4 Bxe4 17. Qxe4 Rd8 18. Rfd1 Bd6 19. Bg5 Rc8 20. h4 O-O 21. h5 h6 22. Be3 Bc5 23. Bf4 Qc6 24. Qe2 Rcd8 25.
Qg4 Kh7 26. Be5 Rxd1+ 27. Rxd1 f6 28. Bf4 Qe8 29. Qf3 f5 30. Be5 Be7 31. Qb7 Qxh5 32.
Rd7 Re8 33. g3 Qe2 34. Bd4 Qd1+ 35. Kg2 Qc2 36. Rxe7 Rxe7 37. Qxe7 Qe4+ 38. Kh2 Qf3 39. Qxg7# 1-0

[Event "*** Titled Tuesday Blitz"]
[Site "Chess.com"]
[Date "2021.03.30"]
[Round "3"]
[White "SilviusTiberius"]
[Black "Redzishchess"]
[Result "1-0"]
[WhiteElo "2560"]
[BlackElo "2379"]
[TimeControl "180+1"]
[EndTime "10:28:13 PDT"]
[Termination "SilviusTiberius won on time"]

1. e4 c5 2. Nf3 e6 3. d4 cxd4 4. Nxd4 Nc6 5. Nc3 Qc7 6. Be3 a6 7. Qf3 Nf6 8. Nxc6 bxc6 9. Qg3 Qxg3 10. hxg3 Bb4 11. f3 d5 12. exd5 cxd5 13. Bd4 Ke7 14. a3 Bd6 15. g4 Bb7 16. O-O-O h5 17. Bxf6+ Kxf6 18. gxh5 Rac8 19. Bd3 Bxa3 20. Nxd5+ Bxd5 21. bxa3 Rc3 22. Kb2 Rc5 23. Bxa6 Rb8+ 24. Kc1 Ra5 25. Bd3 Rxa3 26. Kd2 Kg5 27. Ke3 Rb2 28. Kf2 Bb3 29.
Rd2 Raa2 30. Rc1 Kxh5 31. g4+ Kg5 32. Kg3 Bd5 33. Rh2 Ra3 34. Rh5+ Kf6 35. g5+ Ke7 36. Rh7 Kf8 37. Rch1 1-0

[Event "*** Titled Tuesday Blitz"]
[Site "Chess.com"]
[Date "2021.03.30"]
[Round "3"]
[White "Mikhail_Golubev"]
[Black "petincash"]
[Result "1-0"]
[WhiteElo "2528"]
[BlackElo "2302"]
[TimeControl "180+1"]
[EndTime "10:28:13 PDT"]
[Termination "Mikhail_Golubev won by checkmate"]

1. e4 c5 2. Nf3 g6 3. Nc3 Bg7 4. d4 cxd4 5. Nxd4 Nc6 6. Be3 Nf6 7. Bc4 O-O 8. Bb3 d6 9. f3 Bd7 10. h4 Nxd4 11. Bxd4 h5 12. Qd2 b5 13. g4 a5 14.
Bxf6 Bxf6 15. gxh5 a4 16. Bd5 b4 17. hxg6 Kg7 18.
Ne2 e6 19. Bxa8 Bxh4+ 20. Kf1 Bb5 21. Qf4 Bg5 22. Qh2 fxg6 23. Qh7+ Kf6 24. Rd1 Ke5 25. Qh2+ Bf4 26. Qh7 Qf6 27. Rh3 Be3 28. Qc7 Rxa8 29. Qxd6# 1-0

[Event "*** Titled Tuesday Blitz"]
[Site "Chess.com"]
[Date "2021.03.30"]
[Round "3"]
[White "Nemsko"]
[Black "LenkaPtacnikova"]
[Result "0-1"]
[WhiteElo "2324"]
[BlackElo "2179"]
[TimeControl "180+1"]
[EndTime "10:28:13 PDT"]
[Termination "LenkaPtacnikova won by resignation"]

1. e4 c5 2. Nf3 Nc6 3. d4 cxd4 4. Nxd4 g6 5. Nc3 Bg7 6. Be3 Nf6 7. Bc4 Qa5 8. O-O Qh5 9. f3 O-O 10. Qd2 Ne5 11. Be2 Nc6 12. h3 Nxd4 13. Bxd4 d6 14. f4 Qa5 15. Qd3 Bd7 16. Bf3 Bc6 17. Rfe1 Rfd8 18. Rad1 Rac8 19. a3 e6 20. Qe3 b6 21.
Be2 e5 22. b4 exd4 23. Rxd4 Qxa3 24. Red1 Bxe4 25. Rxd6 Rxd6 26. Rxd6 Bxc2 27. Qe7 Qxc3 28. Rd7 Bb3 29. Kh2 Qc2 30. Ba6 Rf8 31. Bb7 Qf2 32. Qe5 Nh5 33. Qd6 Qxf4+ 34. Qxf4 0-1

[Event "*** Titled Tuesday Blitz"]
[Site "Chess.com"]
[Date "2021.03.30"]
[Round "3"]
[White "KaterynaLagno"]
[Black "BrandonJacobson"]
[Result "0-1"]
[WhiteElo "2692"]
[BlackElo "2975"]
[TimeControl "180+1"]
[EndTime "10:28:14 PDT"]
[Termination "BrandonJacobson won by resignation"]

1. e4 c5 2. Nf3 Nc6 3. d4 cxd4 4. Nxd4 Nf6 5. Nc3 d6 6. Bg5 e6 7. Qd3 Bd7 8. O-O-O a6 9. Nxc6 Bxc6 10. Qg3 h6 11.
Bf4 Nh5 12. Qg4 Nxf4 13. Qxf4 Qg5 14. Qxg5 hxg5 15. h3 Be7 16. Bd3 Bf6 17. Ne2 Ke7 18. Rhe1 Be5 19. c3 Rhc8 20. Kb1 b5 21. Nd4 Be8 22. Nf3 Bf6 23. e5 dxe5 24. Nxe5 g6 25.
Ng4 Bg7 26. Be4 Rab8 27. Ne3 b4 28. c4 a5 29. Bd3 Bd4 30. Re2 Bc6 31. Nc2 Bc5 32. f3 Rd8 33. Red2 b3 34. axb3 Rxb3 35. Be2 Rdb8 36. Na1 R3b4 37. Ka2 e5 38. Bd3 Bd4 39. b3 a4 40. Be4 axb3+ 41. Kb1 Ra4 0-1

[Event "*** Titled Tuesday Blitz"]
[Site "Chess.com"]
[Date "2021.03.30"]
[Round "3"]
[White "Bathory44"]
[Black "PotapovaM"]
[Result "1-0"]
[WhiteElo "2671"]
[BlackElo "2491"]
[TimeControl "180+1"]
[EndTime "10:28:14 PDT"]
[Termination "Bathory44 won by resignation"]

1. e4 c5 2. c3 d5 3. exd5 Qxd5 4. d4 Nf6 5. Nf3 cxd4 6. cxd4 e6 7. Nc3 Qd6 8. Bd3 Nc6 9. O-O Be7 10. Be3 O-O 11. a3 a6 12. Qe2 b5 13. Rad1 Bb7 14. h3 Rac8 15. Rfe1 Na5 16. Ne5 Nc6 17. Nf3 Na5 18. Bg5 Nc4 19. Ne5 g6 20. Bf4 Qxd4 21.
Bh6 Qxe5 22. Qxe5 Nxe5 23. Bxf8 Bxf8 24. Rxe5 Bg7 25. Re2 Nh5 26. Be4 Bxe4 27. Nxe4 Nf4 28. Red2 Nd5 29. g3 h5 30. h4 Bh6 31. Re2 Bg7 32.
Kg2 Kf8 33. Rdd2 Rc1 34. Rc2 Rb1 35. Nd6 Ke7 36. Nb7 Bd4 37. Rcd2 e5 38. Rxd4 Ke6 39. Rdd2 f5 40. Nc5+ Kd6 41. Nd3 e4 42. Nb4 1-0

[Event "*** Titled Tuesday Blitz"]
[Site "Chess.com"]
[Date "2021.03.30"]
[Round "3"]
[White "kekic76"]
[Black "Pelopidass"]
[Result "0-1"]
[WhiteElo "2388"]
[BlackElo "2571"]
[TimeControl "180+1"]
[EndTime "10:28:14 PDT"]
[Termination "Pelopidass won by resignation"]

1. e4 c5 2. Nf3 d6 3. Bb5+ Bd7 4. Bxd7+ Qxd7 5. O-O Nc6 6. c4 g6 7. d4 Bg7 8. Be3 Nf6 9. Nc3 Ng4 10. h3 Nxe3 11. fxe3 Rd8 12. b3 O-O 13. Qd2 a6 14. Rad1 cxd4 15. exd4 e6 16. Rfe1 Qc7 17. d5 Ne5 18.
Nxe5 Bxe5 19. Rc1 Qc5+ 20. Kh1 b5 21. cxb5 axb5 22. a4 bxa4 23. Nxa4 Qa7 24. Qd3 Rb8 25. Rf1 Kg7 26. Qc4 Rbc8 27. Qxc8 Rxc8 28. Rxc8 exd5 29. exd5 Qb7 30. Rc6 Qxb3 31. Nb6 Qg3 32. Kg1 Qh2+ 33.
Kf2 Bd4+ 34. Kf3 Qe5 35. g4 Qe3+ 36. Kg2 Qe2+ 0-1

[Event "*** Titled Tuesday Blitz"]
[Site "Chess.com"]
[Date "2021.03.30"]
[Round "3"]
[White "AlphaHero0"]
[Black "AttilaTurzo"]
[Result "0-1"]
[WhiteElo "2101"]
[BlackElo "2490"]
[TimeControl "180+1"]
[EndTime "10:28:14 PDT"]
[Termination "AttilaTurzo won on time"]

1. e4 c6 2. Nc3 d5 3. Nf3 Bg4 4. h3 Bxf3 5. Qxf3 e6 6. Be2 Nf6 7. O-O Be7 8. d3 O-O 9. Qg3 Kh8 10. f4 b5 11. a3 Nbd7 12. e5 Ne8 13. d4 f5 14. Be3 a6 15. Qf3 c5 16. Rad1 c4 17.
Rb1 Nc7 18. g4 g6 19. gxf5 gxf5 20. Kh1 Qe8 21. Rg1 Qf7 22. Qh5 Qxh5 23. Bxh5 Rg8 24. Ne2 Rxg1+ 25. Nxg1 Rg8 26. Kh2 a5 27. Nf3 b4 28. axb4 axb4 29. h4 h6 30. Ra1 Ra8 31. Rxa8+ Nxa8 32. Kh3 Nc7 33. Bc1 Kg7 34. Kg3 Nb6 35.
b3 Nb5 36. Kf2 Kf8 37. Ke2 Nc3+ 38. Ke1 Nc8 39. Bd2 Ne4 40. Bc1 Na7 0-1

[Event "*** Titled Tuesday Blitz"]
[Site "Chess.com"]
[Date "2021.03.30"]
[Round "3"]
[White "Perecke"]
[Black "juancruzarias"]
[Result "0-1"]
[WhiteElo "2312"]
[BlackElo "2566"]
[TimeControl "180+1"]
[EndTime "10:28:14 PDT"]
[Termination "juancruzarias won by resignation"]

1. e4 c6 2. Nf3 d5 3. Nc3 dxe4 4. Nxe4 Nf6 5. Qe2 Nxe4 6. Qxe4 Qd5 7. Qh4 Nd7 8. d4 Nf6 9. Bd3 Qh5 10. Qg3 Qg4 11.
Bd2 Qxg3 12. hxg3 Bg4 13. O-O-O e6 14. c3 Be7 15. Rde1 Bxf3 16. gxf3 h6 17. g4 O-O-O 18. Rhg1 c5 19. Be3 Nd5 20. Bc2 Bg5 21. dxc5 Nxe3 22. fxe3 Rd5 23. b4 Rhd8 24. Rg2 Bf6 25. c4 R5d7 26.
Rd1 Bc3 27. Rxd7 Rxd7 28. a3 a5 29. b5 Rc7 30. Bd3 Rxc5 31. Kc2 Bf6 32. Kb3 b6 33. Rd2 Rc7 34. Be4 Rd7 35. Rxd7 Kxd7 36. a4 Kd6 37.
Bc6 Kc5 38. Be8 Bg5 39. Bxf7 e5 40. e4 Kd4 41. Be6 Be7 42. g5 h5 43. Bg4 hxg4 0-1

[Event "*** Titled Tuesday Blitz"]
[Site "Chess.com"]
[Date "2021.03.30"]
[Round "3"]
[White "Chesswizard_2007"]
[Black "shnitez"]
[Result "0-1"]
[WhiteElo "2694"]
[BlackElo "2470"]
[TimeControl "180+1"]
[EndTime "10:28:15 PDT"]
[Termination "shnitez won by checkmate"]

1. Nf3 Nf6 2. b3 b6 3. Bb2 Bb7 4. g3 Bxf3 5. exf3 e6 6. Bg2 d5 7. f4 g6 8. d3 Bg7 9. Nd2 O-O 10. O-O c5 11. Nf3 Nc6 12. Ne5 Rc8 13. Nxc6 Rxc6 14. Qe2 Nd7 15. Bxg7 Kxg7 16. a4 a6 17. a5 b5 18. c4 bxc4 19. bxc4 Nf6 20. cxd5 exd5 21. Rfc1 Re8 22. Qb2 Qd6 23. Rc2 Rb8 24. Qe5 Qd8 25.
Rac1 Rb5 26. g4 Re6 27. Qc3 d4 28. Qa3 Rxa5 29. Qb2 Nxg4 30. Rxc5 Rxc5 31. Rxc5 Re1+ 32. Bf1 Nxh2 33. Kxh2 Qh4+ 34. Kg2 Qg4+ 35. Kh2 Qxf4+ 36. Kg2 Qg4+ 37. Kh2 Rxf1 38. Rd5 Qg1+ 39. Kh3 Qh1+ 40. Kg3 Qxd5 41. Qb6 Rg1+ 42. Kh3 Qh5# 0-1

[Event "*** Titled Tuesday Blitz"]
[Site "Chess.com"]
[Date "2021.03.30"]
[Round "3"]
[White "RaphCamora"]
[Black "Niktlt"]
[Result "1-0"]
[WhiteElo "2414"]
[BlackElo "2576"]
[TimeControl "180+1"]
[EndTime "10:28:15 PDT"]
[Termination "RaphCamora won by resignation"]

1. e4 e6 2. b3 d5 3. Bb2 Nf6 4.
e5 Nfd7 5. f4 c5 6. Qg4 Nc6 7.
Nf3 a5 8. a4 Nb4 9. Na3 d4 10. c3 dxc3 11. dxc3 Nd5 12. Nc4 h5 13. Qh3 Nxf4 14. Qg3 Nd5 15. O-O-O h4 16. Qg4 g6 17. Kb1 N7b6 18. Nxb6 Qxb6 19. Bb5+ Bd7 20. Bxd7+ Kxd7 21. Rxd5+ Kc6 22. Rdd1 Qxb3 23. Nd2 Qd5 24. Nc4 f5 25. exf6 Qf5+ 26. Qxf5 exf5 27. Ne5+ Kb6 28. Nxg6 Rg8 29. Nxf8 Raxf8 30. c4 Rxg2 31. Rdg1 Re2 32. Re1 Rg2 33. Re6+ Ka7 34. Rd1 h3 35. Rd7 Rxh2 36. Ree7 Rxb2+ 37. Kxb2 h2 38. Rh7 Rxf6 39. Rxh2 Rb6+ 40. Kc3 Rb4 41. Rhh7 f4 42. Rhf7 Ka6 43. Rf6+ Ka7 44. Rxf4 Rxa4 45. Rf5 Kb6 46. Rd6+ Kc7 47. Rdd5 b6 48.
Rf7+ Kc6 49. Rg5 Ra3+ 50. Kb2 Rg3 51. Rxg3 Kd6 52. Rg6+ Ke5 53. Rxb6 Kd4 1-0

[Event "*** Titled Tuesday Blitz"]
[Site "Chess.com"]
[Date "2021.03.30"]
[Round "3"]
[White "KarateBaby"]
[Black "canary2016"]
[Result "1-0"]
[WhiteElo "2303"]
[BlackElo "2008"]
[TimeControl "180+1"]
[EndTime "10:28:15 PDT"]
[Termination "KarateBaby won by checkmate"]

1. Nf3 d5 2. c4 c6 3. e3 Nf6 4.
Nc3 e6 5. Qc2 Bd6 6. d4 O-O 7.
Bd2 Nbd7 8. O-O-O b6 9. e4 dxe4 10. Nxe4 Nxe4 11. Qxe4 Nf6 12. Qh4 Bb7 13. Bd3 g6 14.
Bg5 Be7 15. Rhe1 Re8 16. Kb1 Nd7 17. Bxe7 Qxe7 18. Qh6 Qf8 19. Qh4 Qg7 20. Qg3 Rac8 21. h4 c5 22. dxc5 Nxc5 23. Bc2 Bc6 24. Ne5 Ba4 25. b3 Bc6 26. Rd6 Bb7 27. Red1 Be4 28. Qf4 Bxc2+ 29. Kxc2 b5 30. cxb5 a6 31. Kb1 axb5 32. f3 Nb7 33. Rd7 Nd8 34. h5 g5 35.
Qe4 h6 36. Rc1 Rxc1+ 37. Kxc1 Qf8 38. Qd4 b4 39. Ng4 Kh7 40. Nf6+ Kh8 41. Nxe8+ Kg8 42.
Rxd8 Qg7 43. Nf6# 1-0